 Dungeon Crawl Stone Soup version 0.18.1-50-g88ac8fd (webtiles) character file.

1042 Goblin1989 the Firebug (level 8, 52/52 HPs)
             Began as a Demonspawn Fire Elementalist on Sept 18, 2017.
             Quit the game on level 5 of the Dungeon.
             The game lasted 00:29:22 (5809 turns).

Goblin1989 the Firebug (DsFE)                       Turns: 5809, Time: 00:29:23

Health: 52/52      AC: 10    Str: 10    XL:     8   Next: 4%
Magic:  5/14       EV: 12    Int: 18    God:
Gold:   265        SH:  0    Dex: 15    Spells: 4 memorised, 4 levels left

rFire  . . .     SeeInvis .     Q - +0 dagger (protect)
rCold  . . .     Gourm    .     a - +0 robe
rNeg   . . .     Faith    .     (no shield)
rPois  .         Spirit   +     (helmet unavailable)
rElec  .         Dismiss  .     (no cloak)
rCorr  .         Reflect  .     y - +1 pair of gloves
SustAt .         Harm     .     X - +0 pair of boots of the Peculiar Nights {Dex+2}
MR     .....                    (no amulet)
Stlth  +++.......               (no ring)
                                x - ring of stealth

@: not resistant to hostile enchantments, fairly stealthy
A: horns 3, spiny 1, magic shield, sturdy frame 2
a: no special abilities


You were on level 5 of the Dungeon.
You were not hungry.

You visited 1 branch of the dungeon, and saw 5 of its levels.

You collected 265 gold pieces.

Inventory:

Hand Weapons
 f - a +0 hunting sling
 o - a +0 dagger
 Q - a +0 dagger of protection (weapon)
 T - a +0 war axe
 V - a +0 rapier
Missiles
 m - 136 stones
 n - a javelin (quivered)
 v - 47 arrows
 w - 61 sling bullets
Armour
 a - a +0 robe (worn)
 y - a +1 pair of gloves (worn)
 z - a +0 scale mail
 C - a +2 hat
 X - the +0 pair of boots of the Peculiar Nights (worn) {Dex+2}
   (You found it on level 5 of the Dungeon)

   It affects your dexterity (+2).
Jewellery
 x - a ring of stealth (left hand)
Wands
 M - a wand of flame (19/48)
Scrolls
 g - a scroll of blinking {unknown}
 i - a scroll of recharging {unknown}
 q - 6 scrolls of identify {unknown}
 r - 3 scrolls of teleportation {unknown}
 s - 3 scrolls of amnesia {unknown}
 E - a scroll of fog {unknown}
 F - a scroll of fear {unknown}
 L - 3 scrolls of remove curse {unknown}
 S - 2 scrolls of enchant weapon {unknown}
 U - 2 scrolls of noise {unknown}
 Y - a scroll of magic mapping {unknown}
Potions
 j - a potion of brilliance
 A - a potion of curing {@q1}
 B - a potion of haste
 G - a potion of degeneration {unknown}
 I - a potion of mutation {unknown}
 O - 2 potions of lignification {unknown}
 P - a potion of magic {unknown}
 W - 2 potions of agility {unknown}
Books
 b - a book of Flames

   Spells                             Type                      Level
   a - Flame Tongue                   Conjuration/Fire             1
   b - Throw Flame                    Conjuration/Fire             2
   c - Conjure Flame                  Conjuration/Fire             3
   d - Inner Flame                    Hexes/Fire                   3
   e - Sticky Flame                   Conjuration/Fire             4
   f - Fireball                       Conjuration/Fire             5
Comestibles
 e - 3 bread rations {@e1}
 h - a slice of pizza
 p - 2 fruits
 t - 4 meat rations {@e2}
 D - a beef jerky
 Z - 3 chunks of flesh


   Skills:
 - Level 1.7 Dodging
 - Level 1.7 Stealth
 + Level 4.1 Spellcasting
 * Level 5.9 Conjurations
 * Level 6.1 Fire Magic


You had 4 spell levels left.
You knew the following spells:

 Your Spells              Type           Power        Failure   Level  Hunger
a - Flame Tongue          Conj/Fire      ####.        1%          1    None
b - Inner Flame           Hex/Fire       ##......     14%         3    ###....
c - Sticky Flame          Conj/Fire      ####....     14%         4    ####...
j - Conjure Flame         Conj/Fire      ####....     3%          3    ###....


Dungeon Overview and Level Annotations

Branches:
Dungeon (5/15)
 Temple: D:4-7

Altars:
Kikubaaqudgha
Okawaru
Sif Muna
Zin
The Shining One

Shops:
D:3 *

Annotations:
D:4 magog001's ghost, amateur CeAs
D:5 ReniFell's ghost, novice MiBe


Innate Abilities, Weirdness & Mutations

You have a pair of large horns on your head.
You are partially covered in sharp spines.
When hurt, damage is shared between your health and your magic reserves.
Your movements are less encumbered by armour (ER -4).


Message History

Magic restored.
O - 2 lumpy emerald potions (gained 1)
Things that are here:
a dagger; a leather armour; an orc corpse MP restored: 13
Things that are here:
a dagger; a robe
Things that are here:
a hand axe; an orc corpse
There is an open door here.
q - 6 scrolls labeled VOR ZECWEWOIHE (gained 2)
An orc priest comes into view. It is wielding a trident.
The orc priest shouts!
An ogre comes into view. It is wielding a giant spiked club.
There is an open door here.
Things that are here:
a dagger; a leather armour; an orc corpse You close the door.
You start waiting.
Something unseen opens the door.
Casting: Flame Tongue
Confirm with . or Enter, or press ? or * to list all spells.
Aiming: Flame Tongue
Press: ? - help, Shift-Dir - straight line, f - orc priest
Aim: an orc priest, wielding a trident The flame tongue hits the orc priest.
The orc priest is heavily wounded.
The orc priest misses you.
You now have 12/13 mp.
Casting: Flame Tongue
Confirm with . or Enter, or press ? or * to list all spells.
Aiming: Flame Tongue
Press: ? - help, Shift-Dir - straight line, f/p - orc priest
Aim: an orc priest, wielding a trident (heavily wounded)
The flame tongue hits the orc priest.
You kill the orc priest!
You now have 11/13 mp.
Casting: Flame Tongue
Confirm with . or Enter, or press ? or * to list all spells.
You can't see any susceptible monsters within range! (Use Z to cast anyway.) Unknown command.
Magic restored.
There is an open door here.
Some of the chunks of flesh in your inventory have rotted away.
There is an open door here.
The ogre is too close now for your liking.
MP restored: 13 The ogre shouts!
There is an open door here.
Casting: Flame Tongue
Confirm with . or Enter, or press ? or * to list all spells.
Aiming: Conjure Flame
Press: ? - help, Dir - move target cursor The fire roars!
You now have 10/13 mp.
Casting: Conjure Flame
Confirm with . or Enter, or press ? or * to list all spells.
Aiming: Flame Tongue
Press: ? - help, Shift-Dir - straight line, f - ogre
Aim: an ogre, wielding a giant spiked club The flame tongue hits the ogre.
The ogre is lightly wounded.
You now have 9/13 mp.
Casting: Flame Tongue
Confirm with . or Enter, or press ? or * to list all spells.
Aiming: Flame Tongue
Press: ? - help, Shift-Dir - straight line, f/p - ogre
Aim: an ogre, wielding a giant spiked club (lightly wounded)
The flame tongue hits the ogre.
The ogre is heavily wounded.
You now have 8/13 mp.
Casting: Flame Tongue
Confirm with . or Enter, or press ? or * to list all spells.
Aiming: Flame Tongue
Press: ? - help, Shift-Dir - straight line, f/p - ogre
Aim: an ogre, wielding a giant spiked club (heavily wounded)
The flame tongue misses the ogre.
You now have 7/13 mp.
Casting: Flame Tongue
Confirm with . or Enter, or press ? or * to list all spells.
Aiming: Flame Tongue
Press: ? - help, Shift-Dir - straight line, f/p - ogre
Aim: an ogre, wielding a giant spiked club (heavily wounded)
The flame tongue hits the ogre.
The ogre is almost dead.
You now have 6/13 mp.
Casting: Flame Tongue
Confirm with . or Enter, or press ? or * to list all spells.
Aiming: Flame Tongue
Press: ? - help, Shift-Dir - straight line, f/p - ogre
Aim: an ogre, wielding a giant spiked club (almost dead)
The flame tongue hits the ogre.
You kill the ogre!
Your Fire Magic skill increases to level 6!
You have reached level 8!
You feel stronger.
Your demonic ancestry asserts itself...
Sharp spines emerge from parts of your body.
Health restored: 52 You now have 5/14 mp.
Are you sure you want to abandon this character and quit the game? (Confirm with "yes".)

█........██..██...██
█........█...█......
█........█...█......
█........∆...█......
██████........█...████..█
█......█∆██████...███████
█......█....█....)...█...
█......█....█........█...
█.....)§@...∆....)...∆...
█......█....█.....)..█...
█......████████████)████∆
█.........O..............
█........................
█..............o.........
█........................
█........................
█......................██


There were no monsters in sight!

Vanquished Creatures
  Grinder (D:3)
  2 ogres
  A giant frog (D:5)
  A scorpion (D:5)
  A howler monkey (D:4)
  A centaur zombie (D:5)
  2 hounds (D:4)
  4 orc priests
  Jessica (D:3)
  An iguana (D:4)
  Ijyb (D:3)
  3 orc wizards
  5 adders
  A shadow imp (D:5)
  An ooze (D:2)
  6 worms
  2 dart slugs
  A giant gecko (D:2)
  10 orcs
  4 ball pythons
  7 bats
  A giant cockroach (D:2)
  9 goblins
  7 hobgoblins
  2 jackals (D:1)
  11 kobolds
  2 quokkas
  3 giant newts
  7 rats
  A fungus (D:2)
99 creatures vanquished.

Vanquished Creatures (others)
  4 fungi (D:2)
4 creatures vanquished.

Grand Total: 103 creatures vanquished

Notes
Turn   | Place    | Note
--------------------------------------------------------------
     0 | D:1      | Goblin1989 the Demonspawn Fire Elementalist began the quest for the Orb.
     0 | D:1      | Reached XP level 1. HP: 13/13 MP: 3/3
   443 | D:1      | Gained mutation: Your movements are slightly less encumbered by armour (ER -2). [demonic ancestry]
   443 | D:1      | Reached XP level 2. HP: 19/19 MP: 0/5
   722 | D:1      | Reached skill level 3 in Fire Magic
   864 | D:2      | Found a deep blue altar of Sif Muna.
  1039 | D:2      | Gained mutation: Your movements are less encumbered by armour (ER -4). [demonic ancestry]
  1039 | D:2      | Reached XP level 3. HP: 24/24 MP: 2/6
  2275 | D:2      | Gained mutation: You have a pair of small horns on your head. [demonic ancestry]
  2275 | D:2      | Reached XP level 4. HP: 28/30 MP: 7/7
  2599 | D:3      | Found an iron altar of Okawaru.
  2610 | D:3      | Noticed Grinder
  2769 | D:3      | Noticed Jessica
  2793 | D:3      | Killed Jessica
  2837 | D:3      | Found Zin's Purification Station.
  2848 | D:3      | Found a glowing silver altar of Zin.
  2904 | D:3      | Found a glowing golden altar of the Shining One.
  2958 | D:3      | Learned a level 3 spell: Conjure Flame
  2962 | D:3      | Learned a level 3 spell: Inner Flame
  3037 | D:3      | Noticed Ijyb
  3056 | D:3      | Found an ancient bone altar of Kikubaaqudgha.
  3069 | D:3      | Killed Ijyb
  3069 | D:3      | Gained mutation: You have a pair of horns on your head. [demonic ancestry]
  3069 | D:3      | Reached XP level 5. HP: 30/35 MP: 0/9
  3103 | D:3      | Paralysed by Grinder for 2 turns
  3215 | D:4      | Reached skill level 4 in Fire Magic
  3320 | D:4      | Noticed magog001's ghost (amateur CeAs)
  3611 | D:4      | Gained mutation: When hurt, damage is shared between your health and your magic reserves. [demonic ancestry]
  3611 | D:4      | Reached XP level 6. HP: 41/41 MP: 6/10
  3918 | D:4      | Reached skill level 5 in Fire Magic
  4123 | D:5      | Entered Level 5 of the Dungeon
  4140 | D:5      | Gained mutation: You have a pair of large horns on your head. [demonic ancestry]
  4140 | D:5      | Reached XP level 7. HP: 25/46 MP: 0/12
  4317 | D:5      | Noticed ReniFell's ghost (novice MiBe)
  4338 | D:5      | Learned a level 4 spell: Sticky Flame
  4593 | D:3      | Paralysed by Grinder for 7 turns
  4605 | D:3      | Killed Grinder
  4605 | D:3      | Reached skill level 5 in Conjurations
  5480 | D:5      | Got a pair of warped boots
  5486 | D:5      | Identified the +0 pair of boots of the Peculiar Nights {Dex+2} (You found it on level 5 of the Dungeon)
  5808 | D:5      | Reached skill level 6 in Fire Magic
  5808 | D:5      | Gained mutation: You are partially covered in sharp spines. [demonic ancestry]
  5808 | D:5      | Reached XP level 8. HP: 52/52 MP: 5/14
  5809 | D:5      | Quit the game

Skill      XL: |  1  2  3  4  5  6  7 |
---------------+----------------------+-----
Fire Magic     | 3 4 5 6 |  6.1
Conjurations   | 2 3 4 5 |  5.9
Spellcasting   | 3 4 |  4.1
Dodging        | |  1.7
Stealth        | |  1.7

Action                   |  1- 3 |  4- 6 |  7- 9 || total
-------------------------+-------+-------+-------++-------
Melee: Unarmed           |     5 |       |       ||     5
       Dagger            |    21 |    26 |    18 ||    65
       Headbutt          |       |     3 |     1 ||     4
Throw: Javelin           |       |     1 |     8 ||     9
 Cast: Flame Tongue      |    79 |   109 |    53 ||   241
       Conjure Flame     |       |     2 |     1 ||     3
       Sticky Flame      |       |       |     1 ||     1
Evoke: Wand              |       |     3 |       ||     3
  Use: Potion            |       |     4 |     1 ||     5
 Stab: Sleeping          |       |     1 |       ||     1
  Eat: Chunk             |     4 |     6 |     5 ||    15
       Fruit             |       |     1 |     1 ||     2
Armor: Robe              |    19 |    27 |    35 ||    81
Dodge: Dodged            |    41 |    74 |    31 ||   146

Vault maps used:
D:1:      dpeg_arrival_fog
D:2:      lemuel_crystal_altar, minmay_gold_behind_fungi,
          lexackson_kobold_supper
D:3:      zin_purify, grunt_temple_overflow_open, lemuel_round_altar,
          uniq_jessica, uniq_grinder, uniq_iyjb
D:4:      first_bread
